 Dungeon Crawl Stone Soup version 0.21-a0-91-ga5031da (webtiles) character file.

417 Lavandula the Bolt Thrower (level 6, 15/43 HPs)
             Began as a Mummy Arcane Marksman on June 30, 2017.
             Quit the game on level 5 of the Dungeon.
             The game lasted 00:15:50 (2477 turns).

Lavandula the Bolt Thrower (Mummy Arcane Marksman)  Turns: 2477, Time: 00:15:50

Health: 15/43      AC:  8    Str: 13    XL:     6   Next: 61%
Magic:  12/12      EV: 11    Int: 14    God:
Gold:   162        SH:  0    Dex: 13    Spells: 3/13 levels left

rFire    x . .     SeeInvis .   m - +0 rapier
rCold    + . .     Gourm    .   (no shield)
rNeg     + + +     Faith    .   h - +0 leather armour
rPois    ∞         Spirit   .   r - +0 helmet
rElec    .         Reflect  .   (no cloak)
rCorr    .         Harm     .   g - +0 pair of gloves
MR       .....                  (no boots)
Stlth    +.........             (no amulet)
HPRegen  0.14/turn              f - +3 ring of protection
MPRegen  0.13/turn              (no ring)

@: no status effects
A: no food or potions, fire vulnerability, cold resistance 1, negative energy
resistance 3, torment resistance, unbreathing
a: no special abilities


You were on level 5 of the Dungeon.
You were not hungry.

You visited 1 branch of the dungeon, and saw 6 of its levels.
You also visited: Sewer.

You collected 162 gold pieces.

Inventory:

Hand Weapons
 a - a +0 hand crossbow
 i - a +0 whip
 l - a +0 war axe
 m - a +0 rapier (weapon)
 o - a +0 morningstar
 p - a +0 hunting sling
 q - a +2 antimagic whip
Missiles
 d - 4 bolts
 k - 40 sling bullets
Armour
 e - a +0 robe
 g - a +0 pair of gloves (worn)
 h - a +0 leather armour (worn)
 n - a +0 scale mail
 r - a +0 helmet (worn)
Jewellery
 f - a +3 ring of protection (left hand)
Scrolls
 b - 2 scrolls of amnesia
 j - 2 scrolls of identify
Books
 c - a book of Debilitation

   Spells                             Type                      Level
   a - Corona                         Hexes                        1
   b - Slow                           Hexes                        2
   c - Inner Flame                    Hexes/Fire                   3
   d - Portal Projectile              Hexes/Translocation          3
   e - Cause Fear                     Hexes                        4
   f - Leda's Liquefaction            Hexes/Earth                  4
 s - a book of Callings

   Spells                             Type                      Level
   a - Summon Small Mammal            Summoning                    1
   b - Call Imp                       Summoning                    2
   c - Call Canine Familiar           Summoning                    3
   d - Summon Guardian Golem          Hexes/Summoning              3
   e - Summon Lightning Spire         Summoning/Air                4
   f - Summon Ice Beast               Ice/Summoning                4


   Skills:
 - Level 1.1 Fighting
 - Level 1.6 Short Blades
 - Level 4.8 Crossbows
 - Level 1.5 Dodging
 - Level 4.0 Spellcasting
 - Level 2.6 Hexes
 - Level 0.1 Summonings


You had 3 spell levels left.
You knew the following spells:

 Your Spells              Type           Power        Failure   Level  Hunger
a - Corona                Hex            ##.....      9%          1    N/A
b - Slow                  Hex            ##......     12%         2    N/A
c - Call Canine Familiar  Summ           #.......     56%         3    N/A
d - Cause Fear            Hex            ##........   63%         4    N/A

Dungeon Overview and Level Annotations

Branches:
Dungeon (6/15)
 Temple: D:4-7

Altars:
Okawaru
Vehumet
Wu Jian
The Shining One

Annotations:
D:4 Menkaure; Ordine's ghost, amateur OpFi
D:5 BearDestroyer's ghost, novice GrBe


Innate Abilities, Weirdness & Mutations

You do not eat or drink.
Your flesh is vulnerable to fire.
You are immune to poison.
Your flesh is cold resistant. (rC+)
You are immune to negative energy. (rN+++)
You are immune to unholy pain and torment.
You can survive without breathing.


Message History

BearDestroyer's ghost whispers, "Death doesn't hurt.
What you feel is life." The orc hits you but does no damage.
An orc priest comes into view. It is wielding a flail.
The orc wizard hits you with a dagger.
The crimson imp blinks!
The orc hits you but does no damage. The orc wizard barely misses you.
The orc priest shouts!
The orc priest hits you with a flail.
The orc wizard hits you but does no damage.
The orc wizard gestures wildly while chanting.
The orc wizard seems to speed up.
The orc priest invokes the aid of Beogh against you.
Beogh smites you! The quokka barely misses you.
Are you sure you want to abandon this character and quit the game? (Confirm with "yes".)
Okay, then.
Level annotation: BearDestroyer's ghost, novice GrBe Welcome back, Lavandula the Mummy Arcane Marksman.
Press ? for a list of commands and other information.
Are you sure you want to abandon this character and quit the game? (Confirm with "yes".)

#...$....# #........#
####...##########
#..s###......##
#....'........#
...'....#........#
..%.#....#J.......#
#####..###..##'########
#..###..##..@##...##
<...#.....<..or.....#
#...[#........o.o....#
#... #..........5W...#
##............?.#
#...##...##....#
.....##...##...#######
.......#...##.....#...##
...... #...............#


You could see an orc priest, an orc wizard, BearDestroyer's ghost, a crimson
imp, an orc and a quokka.

Vanquished Creatures
  A wight (D:4)
  A crimson imp (D:3)
  A hound (D:4)
  A bullfrog skeleton (D:5)
  2 orc wizards (D:4)
  2 iguanas (D:4)
  A worker ant (D:4)
  4 gnolls
  5 adders
  3 worms
  A dart slug (D:3)
  A leopard gecko (D:2)
  5 orcs
  8 bats
  10 giant cockroaches
  4 goblins
  2 hobgoblins (D:3)
  2 quokkas
  A frilled lizard (D:3)
  4 kobolds (D:3)
  4 rats
63 creatures vanquished.

Notes
Turn   | Place    | Note
-------+----------+-------------------------------------------
     0 | D:1      | Lavandula the Mummy Arcane Marksman began the quest for the Orb.
     0 | D:1      | Reached XP level 1. HP: 15/15 MP: 2/2
   200 | D:2      | Found an ornate altar of the Wu Jian Council.
   305 | D:2      | Reached XP level 2. HP: 18/21 MP: 2/4
   527 | D:3      | Learned a level 2 spell: Slow
   574 | D:3      | Found a glowing golden altar of the Shining One.
   672 | D:3      | Reached XP level 3. HP: 20/26 MP: 3/5
   915 | D:3      | Reached XP level 4. HP: 20/32 MP: 2/6
   983 | D:3      | Found a radiant altar of Vehumet.
  1062 | D:4      | Noticed Menkaure
  1302 | D:4      | Reached XP level 5. HP: 32/37 MP: 7/7
  1378 | D:4      | Found a glowing drain.
  1409 | Sewer    | Entered a sewer
  1475 | Sewer    | Noticed a crocodile
  1716 | D:4      | Reached skill level 1 in Short Blades
  1822 | D:4      | Noticed Ordine's ghost (amateur OpFi)
  1851 | D:5      | Entered Level 5 of the Dungeon
  1865 | D:5      | Noticed BearDestroyer's ghost (novice GrBe)
  1963 | D:3      | Reached XP level 6. HP: 19/43 MP: 4/8
  2204 | D:3      | Learned a level 3 spell: Call Canine Familiar
  2275 | D:4      | Found an iron altar of Okawaru.
  2363 | D:5      | Learned a level 4 spell: Cause Fear
  2477 | D:5      | Quit the game

Vault maps used:
D:1:      sevenhm_arrival_forest_fort_small_6
D:2:      nicolae_overflow_crystal_walls
D:3:      lemuel_doored_altar, fiery_altar_vehumet
D:4:      okawaru_metal_pillars_1_2, gup_sewer_entry_pipe,
          minmay_a_box_with_orc_wizards_in_it, uniq_menkaure
D:5:      minmay_temple_entry_glassed_door, first_bread
D:6:      hangedman_decor_growths, corexii_shack, serial_bayou_ford_a,
          nemelex_lonely_heart_becter, uniq_eustachio
Sewer:    sewer_big_baddie

Skill      XL: |  1  2  3  4  5  6 |
---------------+-------------------+-----
Crossbows      | 2 3 4 |  4.8
Short Blades   | 1 |  1.6
Spellcasting   | 4 |  4.0
Fighting       | |  1.1
Dodging        | |  1.5
Hexes          | |  2.6
Summonings     | |  0.1

Action                   |  1- 3 |  4- 6 || total
-------------------------+-------+-------++-------
Melee: Short sword       |    14 |       ||    14
       Whip              |     3 |    13 ||    16
       Rapier            |     8 |   115 ||   123
 Fire: Hand crossbow     |    62 |    81 ||   143
 Cast: Corona            |    30 |    21 ||    51
       Slow              |       |    10 ||    10
  Use: Scroll            |     4 |     6 ||    10
Armor: Leather armour    |    21 |   116 ||   137
Dodge: Dodged            |    24 |   152 ||   176
